 Dungeon Crawl Stone Soup version 0.26-a0-54-g15ccc7ae60 (webtiles) character file.

Game seed: 7042373158999504798

301 Ozzies the Skirmisher (level 6, -6/60 HPs)
             Began as a Gargoyle Fighter on June 7, 2020.
             Mangled by a mummy (11 damage)
             ... on level 4 of the Dungeon.
             The game lasted 00:08:01 (4199 turns).

Ozzies the Skirmisher (Gargoyle Fighter)            Turns: 4199, Time: 00:08:02

Health: -6/60      AC: 23    Str: 22    XL:     6   Next: 37%
Magic:  6/6        EV:  2    Int:  8    God:
Gold:   150        SH:  9    Dex:  9    Spells: 5/5 levels left

rFire    + . .     SeeInvis .   q - +0 whip (freeze)
rCold    . . .     Gourm    .   c - +0 kite shield
rNeg     + + +     Faith    .   (armour currently unavailable)
rPois    ∞         Spirit   .   (helmet currently unavailable)
rElec    .         Reflect  .   (cloak currently unavailable)
rCorr    .         Harm     .   (gloves currently unavailable)
MR       .....     NoTele   +   (boots currently unavailable)
Stlth    +.........             (no amulet)
HPRegen  0.20/turn              p - ring of protection from fire
MPRegen  0.10/turn              (no ring)

@: tree-form
A: negative energy resistance 1, petrification resistance, rot immunity, AC +4
a: no special abilities


You were on level 4 of the Dungeon.
You were hungry.
You were a tree.
You visited 1 branch of the dungeon, and saw 4 of its levels.

You collected 150 gold pieces.

Inventory:

Hand Weapons
 a - a +0 flail
 q - a +0 whip of freezing (weapon)
Armour
 b - a +0 scale mail (melded)
 c - a +0 kite shield (worn)
 m - a +0 pair of gloves (melded)
 o - a +0 pair of boots (melded)
 s - a +0 plate armour
Jewellery
 p - a ring of protection from fire (left branch)
Scrolls
 h - 4 scrolls of remove curse {unknown}
 i - 4 scrolls of teleportation {unknown}
 j - 3 scrolls of identify {unknown}
 n - a scroll of enchant weapon {unknown}
 r - a scroll of amnesia {unknown}
 t - 2 scrolls of magic mapping {unknown}
 v - a scroll of noise {unknown}
Potions
 d - a potion of might
 e - a potion of berserk rage {unknown}
 g - 3 potions of lignification
 k - a potion of flight {unknown}
 l - 3 potions of curing {unknown}
 u - 2 potions of heal wounds {unknown}
Comestibles
 f - 10 rations


   Skills:
 * Level 5.4 Fighting
 + Level 3.2 Maces & Flails
 + Level 4.5 Armour
 + Level 4.4 Shields


You had 5 spell levels left.
You didn't know any spells.
Your spell library was empty.

Dungeon Overview and Level Annotations

Branches:
Dungeon (4/15)
 Temple: D:4-7

Altars:
Cheibriados
Fedhas
Qazlal
Uskayaw
The Shining One

Annotations:
D:4 1 runed translucent door, Grinder; Ijyb; vurker's ghost, amateur DgEE


Innate Abilities, Weirdness & Mutations

You are resistant to torment.
((Your stone body is resilient. (AC +4)))
You are immune to poison.
You resist negative energy. (rN+)
((You are resistant to electric shocks. (rElec)))
((You can survive without breathing.))
You are immune to petrification.
You are immune to rotting.


Message History

Grinder hits you but does no damage. Ijyb hits you but does no damage.
You block the mummy's attack.
You hit Ijyb. You freeze Ijyb.
Ijyb is severely wounded.
You block Grinder's attack. Ijyb hits you but does no damage.
You are feeling hungry.
You hit Ijyb but do no damage.
Ijyb is severely wounded.
Grinder gestures at you.
You suddenly lose the ability to move!
Ijyb hits you but does no damage. The mummy hits you but does no damage.
Grinder hits you but does no damage. Ijyb hits you but does no damage.
You can move again.
You barely miss Ijyb.
Ijyb is severely wounded.
Grinder says, "You look like you could use a good racking."
Grinder gestures at you.
You shrug off the repeated paralysis!
You block Ijyb's attack. The mummy hits you!
You die...

## # ..
#.#####'#####
#..5.M?......
####♣##.#####
#g†...#
#####.## ...
#..# ...
##.## ....
##5# .....
#.###..>..
##........
#..$.....


You could see Grinder, Ijyb and a mummy.

Vanquished Creatures
  A hound (D:4)
  A gnoll shaman (D:3)
  A hound skeleton (D:4)
  8 gnolls
  5 adders
  5 worms
  2 dart slugs
  4 leopard geckos
  12 bats
  3 giant cockroaches
  7 goblins
  8 hobgoblins
  7 jackals (D:1)
  A quokka (D:3)
  3 ball pythons
  7 frilled lizards
  8 kobolds
  11 rats
94 creatures vanquished.

Notes
Turn   | Place    | Note
-------+----------+-------------------------------------------
     0 | D:1      | Ozzies the Gargoyle Fighter began the quest for the Orb.
     0 | D:1      | Reached XP level 1. HP: 14/14 MP: 1/1
   112 | D:1      | Reached XP level 2. HP: 9/19 MP: 2/2
   664 | D:1      | Reached XP level 3. HP: 14/24 MP: 3/3
  1013 | D:1      | Reached skill level 4 in Fighting
  1630 | D:2      | Found a snail-covered altar of Cheibriados.
  1880 | D:2      | Reached XP level 4. HP: 23/29 MP: 4/4
  1983 | D:2      | Found a stormy altar of Qazlal.
  2741 | D:3      | Found a hide-covered altar of Uskayaw.
  3014 | D:3      | Reached XP level 5. HP: 34/34 MP: 5/5
  3113 | D:3      | Reached skill level 5 in Fighting
  3343 | D:3      | Found a blossoming altar of Fedhas.
  3555 | D:3      | Reached XP level 6. HP: 30/40 MP: 6/6
  4038 | D:3      | Found a glowing golden altar of the Shining One.
  4136 | D:4      | Found a runed translucent door.
  4138 | D:4      | Noticed vurker's ghost (amateur DgEE)
  4148 | D:4      | Noticed Grinder
  4148 | D:4      | Paralysed by Grinder for 2 turns
  4150 | D:4      | Noticed Ijyb
  4151 | D:4      | Paralysed by Grinder for 4 turns
  4180 | D:4      | Paralysed by Grinder for 5 turns
  4197 | D:4      | Paralysed by Grinder for 2 turns
  4199 | D:4      | Mangled by a mummy

Illustrated notes

Levels and vault maps discovered:
D:1:      minmay_arrival_four_circles, layout_basic, minmay_tetromino_t2
D:2:      layout_loops_corners, lemuel_round_altar, lemuel_crystal_altar
D:3:      layout_rooms, old_standard_altar, nicolae_overflow_hidden_temple,
          lemuel_doored_altar, grunt_ministairs_8, minmay_misc_feat_diagonals,
          minmay_misc_feat_x
D:4:      layout_cave_pods, gup_ossuary_entry_pyramid, ebering_ghost_sewer_f,
          st_stairs_7, uniq_grinder, uniq_menkaure, uniq_ijyb

Skill      XL: |  1  2  3  4  5 |
---------------+----------------+-----
Fighting       | 4 5 |  5.4
Armour         | 4 |  4.5
Shields        | 4 |  4.4
Maces & Flails | 3 |  3.2

Action                   |  1- 3 |  4- 6 || total
-------------------------+-------+-------++-------
Melee: Flail             |   207 |    73 ||   280
       Whip              |       |   218 ||   218
  Use: Potion            |       |     1 ||     1
  Eat: Chunk             |     4 |     7 ||    11
Armor: Scale mail        |   186 |   180 ||   366
       Skin              |       |    19 ||    19
Dodge: Dodged            |    98 |   112 ||   210
Block: Kite shield       |   157 |   196 ||   353

Table legend:
 A = Non-vault XP
 B = Vault XP
 C = Vault XP percentage of total XP
 D = Non-vault monster count
 E = Vault monster count
 F = Vault count percentage of total count
                 A         B        C        D         E       F
            +---------+---------+-------+---------+---------+-------
      Total |     421 |       9 |   2.1 |      90 |       4 |   4.3
            +---------+---------+-------+---------+---------+-------
        D:1 |      60 |       2 |   3.2 |      37 |       2 |   5.1
        D:2 |      74 |       0 |   0.0 |      19 |       0 |   0.0
        D:3 |     224 |       7 |   3.0 |      31 |       2 |   6.1
        D:4 |      63 |       0 |   0.0 |       3 |       0 |   0.0
            +---------+---------+-------+---------+---------+-------
